Map: 贝克特工业-天梯版

Players

玩家2 - Winner!

  • Race: Zerg Zerg

CommandeR

  • Race: Protoss Protoss
  • League: Diamond

VOD

Have the link to the VOD?

Description

Time

  • Played on: March 6, 2022, 9:59 p.m.
  • Length: 5:43
Show
View Real Time Build Order
Export as new Build Order

玩家2 Zerg - Winner!

Build Orders: Pool Only 

Get SALT Encoding   

  12  0:01  Drone  
  13  0:12  Overlord  
  13  0:17  Drone  
  14  0:35  Spawning Pool  
  13  0:37  Drone  
  13  0:41  Extractor  
  13  0:44  Drone  
  14  0:53  Overlord  
  14  1:21  Zergling x2  
  14  1:22  Queen  
  17  1:33  Roach Warren  
  17  1:34  Extractor  
  17  1:37  Drone  
  16  1:44  Drone  
  17  1:47  Zergling x2  
  18  2:04  Drone  
  19  2:11  Drone  
  19  2:13  Zergling x2  
  21  2:20  Drone  
  22  2:29  Overlord  
  22  2:33  Drone  
  23  2:39  Roach  
  23  2:40  Drone  
  26  2:48  Drone  
Show
View Real Time Build Order
Export as new Build Order

CommandeR Protoss 

Build Orders: 1 Gate Expand 

Get SALT Encoding   

  12  0:00  Probe  
  13  0:12  Probe  
  14  0:19  Pylon  
  14  0:24  Probe  
  15  0:37  Probe (Chrono Boost)  
  15  0:38  Gateway  
  16  0:49  Probe (Chrono Boost), Assimilator  
  17  0:54  Probe (Chrono Boost)  
  18  1:03  Probe  
  19  1:16  Probe  
  20  1:25  Nexus  
  20  1:35  Cybernetics Core  
  20  1:38  Probe  
  21  1:45  Assimilator  
  21  1:50  Probe  
  21  1:53  Pylon  
  22  2:03  Probe  
  23  2:09  Adept (Chrono Boost)  
  23  2:15  Probe (Chrono Boost)  
  26  2:23  Stargate  
  26  2:26  Probe (Chrono Boost)  
  27  2:31  Warp Gate, Probe (Chrono Boost)  
  28  2:37  Probe (Chrono Boost)  
  28  2:40  Stalker  
  32  2:46  Probe (Chrono Boost)  
  32  2:47  Probe (Chrono Boost)  
  33  2:52  Probe (Chrono Boost)  
  33  2:53  Probe  
  35  3:00  Void Ray (Chrono Boost)  
  35  3:04  Probe  
  36  3:05  Probe  
  41  3:13  Adept  
  43  3:34  Robotics Facility  
  43  3:39  Pylon  
  43  3:50  Twilight Council  
  43  4:02  Gateway x2  
  43  4:06  Gateway x2  
  43  4:08  Gateway x2  
  43  4:18  Warp Prism (Chrono Boost)  
  43  4:22  Charge (Chrono Boost)  
  43  4:24  Zealot  
  47  4:27  Gateway  
  47  4:33  Gateway  
  47  4:41  Pylon  
  47  4:43  Pylon  
  47  4:44  Pylon  
  47  4:46  Zealot, Pylon  
  49  5:06  Zealot x2  
  49  5:07  Zealot x4  
  57  5:09  Zealot  
  63  5:38  Zealot x7  
  63  5:39  Zealot  
Tags
 
Add a new tag
Caveats
  • Supply blocks, unpowered buildings, or Contaminate may cause inaccurate times.
  • Supply counts are checked every 10 seconds.